 Dungeon Crawl Stone Soup version 0.25.1-2-g60ff931df9 (webtiles) character file.

Game seed: 12828059758251046696

179 holesumchungus100 the Skirmisher (level 5, -14/50 HPs)
             Began as a Minotaur Abyssal Knight on Oct 8, 2020.
             Was a Believer of Lugonu.
             Demolished by Menkaure (21 damage)
             ... on level 4 of the Dungeon on Nov 1, 2020.
             The game lasted 00:14:23 (2960 turns).

holesumchungus100 the Skirmisher (MiAK)             Turns: 2960, Time: 00:14:24

Health: -14/50     AC:  9    Str: 16 (17) XL:     5   Next: 32%
Magic:  5/5        EV:  6    Int:  8 (9)  God:    Lugonu [**....]
Gold:   128        SH:  6    Dex:  9 (10) Spells: 4/4 levels left

rFire    . . .     SeeInvis .   r - +0 falchion (vorpal)
rCold    . . .     Gourm    .   m - +0 kite shield
rNeg     . . .     Faith    .   g - +0 scale mail
rPois    .         Spirit   .   (helmet restricted)
rElec    .         Reflect  .   (no cloak)
rCorr    .         Harm     .   e - +0 pair of gloves
MR       .....                  q - +0 pair of boots
Stlth    ..........             (no amulet)
HPRegen  0.16/turn              (no ring)
MPRegen  0.09/turn              (no ring)

@: no status effects
A: retaliatory headbutt, horns 2
a: Depart the Abyss, Bend Space, Renounce Religion


You were on level 4 of the Dungeon.
You worshipped Lugonu.
Lugonu was pleased with you.
You were not hungry.

You visited 1 branch of the dungeon, and saw 4 of its levels.
You visited the Abyss 1 time.

You collected 128 gold pieces.

Inventory:

Hand Weapons
 b - a +0 long sword
 r - a +0 vorpal falchion (weapon)
Missiles
 k - 23 arrows
 n - 7 poisoned darts (quivered)
 s - 3 boomerangs
Armour
 e - a +0 pair of gloves (worn)
 g - a +0 scale mail (worn)
 m - a +0 kite shield (worn)
 q - a +0 pair of boots (worn)
Scrolls
 h - a scroll of immolation {unknown}
 i - a scroll of enchant armour {unknown}
 j - a scroll of magic mapping {unknown}
 l - a scroll of remove curse {unknown}
 o - 2 scrolls of fog {unknown}
 t - a scroll of enchant weapon {unknown}
Potions
 a - a potion of brilliance
 d - a potion of lignification {unknown}
 f - a potion of haste
 p - a potion of berserk rage {unknown}
 v - a potion of flight {unknown}
Comestibles
 c - 6 rations
 u - a chunk of flesh


   Skills:
 * Level 5.8 Fighting
 - Level 2.4 Long Blades
 - Level 5.0 Armour
 - Level 1.1 Dodging
 - Level 1.7 Invocations


You had 4 spell levels left.
You didn't know any spells.
Your spell library contained the following spells:

 Spells                   Type           Power        Failure   Level  Hunger
 Magic Dart               Conj           #...         100%        1    ##.....
 Blink                    Tloc           N/A          100%        2    ###....
 Call Imp                 Summ           #.......     100%        2    ###....
 Slow                     Hex            #.......     100%        2    ###....
 Conjure Flame            Conj/Fire      #.......     100%        3    ####...
 Mephitic Cloud           Conj/Pois/Air  #.......     100%        3    ####...


Dungeon Overview and Level Annotations

Branches:
Dungeon (4/15)
 Temple: D:4-7

Altars:
Cheibriados
Qazlal

Portals:
Abyss: D:1***

Annotations:
D:3 2 transporters, sixsigma's ghost, amateur DsFi
D:4 Menkaure


Innate Abilities, Weirdness & Mutations

You reflexively headbutt those who attack you in melee.
You have a pair of horns on your head.


Message History

v - a metallic yellow potion Menkaure casts a spell.
Menkaure seems to speed up.
You block Menkaure's attack.
Your shield and scale mail prevent you from hitting Menkaure.
Menkaure hits you. You block Menkaure's attack.
You hit Menkaure but do no damage. Menkaure hits you but does no damage.
You hit Menkaure but do no damage.
Menkaure calls on the powers of darkness!
Your body is wracked with pain!
You block Menkaure's attack.
You hit Menkaure.
You headbutt Menkaure, but do no damage.
Menkaure is lightly damaged.
Menkaure hits you!!
* * * LOW HITPOINT WARNING * * *
You hit Menkaure.
You headbutt Menkaure, but do no damage.
Menkaure is moderately damaged.
Menkaure hits you!!
You die...

# #####..# #..# # ##.## #..# #
#..## #..# # ##..##########. #.<#
# ##.##......... #..# #
###.......(### ##..# ###
#..........# #...# ..#
#..#####.M..# ##.#.#
#.#######.######@...# ##.>#.####
#.....#...##.......## #.........
................รท..#####.........
####....####.......>.............
####...## ######.#...##.........
.....#.# .#.########.####
.#####.### .#.# #.....# .## ..# .#
#.....# ..## #.# ###.# #.....#


You could see Menkaure (fast).

Vanquished Creatures
  A howler monkey (D:4)
  An orc priest (D:3)
  4 adders
  An ooze (D:3)
  4 dart slugs
  9 orcs (D:3)
  3 giant cockroaches
  6 goblins
  5 hobgoblins
  6 jackals
  4 kobolds
  A quokka (D:2)
  4 bats
  5 frilled lizards
  3 rats
57 creatures vanquished.

Notes
Turn   | Place    | Note
-------+----------+-------------------------------------------
     0 | Abyss:1  | holesumchungus100 the Minotaur Abyssal Knight began the
                  | quest for the Orb.
     0 | Abyss:1  | Reached XP level 1. HP: 19/19 MP: 1/1
     1 | D:1      | Escaped the Abyss
   218 | D:1      | Reached * piety under Lugonu
   358 | D:1      | Reached XP level 2. HP: 24/26 MP: 2/2
   791 | D:2      | Found a snail-covered altar of Cheibriados.
   800 | D:2      | Reached XP level 3. HP: 26/31 MP: 3/3
  1534 | D:3      | Reached skill level 5 in Armour
  1792 | D:3      | Reached XP level 4. HP: 39/40 MP: 4/4
  1985 | D:3      | Noticed a water elemental
  1986 | D:3      | Found a stormy altar of Qazlal.
  1988 | D:3      | Noticed an air elemental
  1989 | D:3      | Noticed an earth elemental
  1989 | D:3      | Noticed a fire elemental
  2166 | D:3      | Found a transporter.
  2166 | D:3      | Noticed sixsigma's ghost (amateur DsFi)
  2377 | D:3      | Reached ** piety under Lugonu
  2387 | D:3      | Reached skill level 5 in Fighting
  2387 | D:3      | Reached XP level 5. HP: 14/48 MP: 5/5
  2624 | D:3      | Found a transporter.
  2949 | D:4      | Noticed Menkaure
  2960 | D:4      | Demolished by Menkaure

Illustrated notes

Levels and vault maps discovered:
D:1:      minmay_arrival_glassed_features, layout_loops_ring
D:2:      layout_loops_cross, kennysheep_slug_shrine
D:3:      layout_loops_ring, nicolae_qazlal_style_of_elements, first_ration,
          gammafunk_ghost_arena
D:4:      layout_rooms, uniq_menkaure

Skill      XL: |  1  2  3  4 |
---------------+-------------+-----
Armour         | 3 4 5 |  5.0
Fighting       | 5 |  5.8
Long Blades    | |  2.4
Dodging        | |  1.1
Invocations    | |  1.7

Action                   |  1- 3 |  4- 6 || total
-------------------------+-------+-------++-------
Melee: Falchion          |    90 |    69 ||   159
       Headbutt          |    13 |    14 ||    27
       Long sword        |     7 |     3 ||    10
Invok: Depart the Abyss  |     1 |       ||     1
  Use: Scroll            |     2 |       ||     2
       Potion            |       |     4 ||     4
  Eat: Ration            |     1 |     1 ||     2
       Chunk             |       |     2 ||     2
Armor: Leather armour    |    35 |       ||    35
       Scale mail        |     8 |    34 ||    42
Dodge: Dodged            |    53 |    16 ||    69
Block: Kite shield       |    22 |    24 ||    46
       Rpst.: Falchion   |    12 |     1 ||    13
